 Dungeon Sprint DCSS version 0.20-a0-40-gb6e7b4f (webtiles) character file.

25 esc the Magician (level 2, -4/17 HPs)
             Began as a Deep Elf Fire Elementalist on Nov 11, 2016.
             Slain by an ogre
             ... wielding a +0 giant club
              (21 damage)
             ... in the Dungeon (Sprint I: "Red Sonja").
             The game lasted 00:00:38 (85 turns).

esc the Magician (Deep Elf Fire Elementalist)         Turns: 85, Time: 00:00:39

Health: -4/17      AC:  3    Str:  5    XL:     2   Next: 82%
Magic:  6/9        EV: 13    Int: 19    God:
Gold:   0          SH:  0    Dex: 15    Spells: 1 memorised, 8 levels left

rFire  + . .     SeeInvis .     h - +0 club
rCold  . . .     Gourm    .     j - +0 leather armour {rF+}
rNeg   . . .     Faith    .     (no shield)
rPois  .         Spirit   .     (no helmet)
rElec  .         Reflect  .     (no cloak)
rCorr  .         Harm     .     (no gloves)
MR     .....     NoTele   +     (no boots)
Stlth  ++........               (no amulet)
                                (no ring)
                                (no ring)

@: no status effects
A: no striking features
a: no special abilities


You were in the Dungeon.
You were not hungry.

You visited 1 branch

Inventory:

Hand Weapons
 h - a +0 club (weapon)
   (You took it off Ijyb in the Dungeon)
Armour
 j - a +0 leather armour of fire resistance (worn)
   (You took it off Ijyb in the Dungeon)
Scrolls
 i - a scroll of blinking {!r}
Potions
 d - a potion of curing
 e - a potion of heal wounds
 f - a potion of haste
 g - 2 potions of magic
Books
 b - a book of Flames
Comestibles
 c - a bread ration {@e1}


   Skills:
 + Level 1.8 Fighting
 + Level 0.0 Armour
 + Level 3.8 Dodging
 - Level 2.4 Stealth
 + Level 4.4 Spellcasting
 + Level 2.9 Conjurations
 + Level 4.2 Fire Magic


You had 8 spell levels left.
You knew the following spells:

 Your Spells              Type           Power        Failure   Level  Hunger
a - Flame Tongue          Conj/Fire      ###..        6%          1    None


Dungeon Overview and Level Annotations

Branches:
Dungeon (1/1)

Altars:


Message History

Welcome, esc the Deep Elf Fire Elementalist.
Found a staircase leading out of the dungeon.
You open the door.
Ijyb the Twisted Goblin comes into view.
She is wielding a club.
Aim: Ijyb, wielding a club and wearing a glowing leather armour (resting)
The flame tongue hits Ijyb.
Ijyb appears unharmed.
Ijyb shouts!
You now have 5/6 mp.
Aim: Ijyb, wielding a club and wearing a glowing leather armour The flame tongue hits Ijyb.
Ijyb resists.
Ijyb screams, "Me stronger than you!"
You now have 4/6 mp.
You don't know that spell.
Aim: Ijyb, wielding a club and wearing a glowing leather armour (lightly wounded)
The flame tongue hits Ijyb.
Ijyb completely resists.
Ijyb barely misses you.
You now have 3/6 mp.
Aim: Ijyb, wielding a club and wearing a glowing leather armour (lightly wounded)
The flame tongue hits Ijyb.
Ijyb resists.
You now have 2/6 mp.
Aim: Ijyb, wielding a club and wearing a glowing leather armour (moderately wounded)
The flame tongue hits Ijyb.
Ijyb resists.
Ijyb closely misses you.
You now have 1/6 mp.
Aim: Ijyb, wielding a club and wearing a glowing leather armour (heavily wounded)
The flame tongue hits Ijyb.
Ijyb resists.
Ijyb hits you but does no damage.
You now have 0/6 mp.
Really quaff
h - a potion of berserk rage {!q}?
A red film seems to cover your vision as you go berserk!
You feel yourself moving faster!
You feel mighty! Ijyb barely misses you.
You now have 15/15 hp.
You completely miss Ijyb. Ijyb barely misses you.
You punch Ijyb! You hit Ijyb. Ijyb completely misses you.
You punch Ijyb!
You kill Ijyb!
Your Fighting skill increases to level 1!
Your Dodging skill increases to level 3!
Your Spellcasting skill increases to level 4!
Your Conjurations skill increases to level 2!
Your Fire Magic skill increases to level 4!
You have reached level 2!
Health restored: 25
h - a club
There is an open door here.
You see here a glowing leather armour.
j - a glowing leather armour You feel a strong urge to attack something.
You start resting.
You feel your anger subside.
You are no longer berserk.
You are exhausted.
You feel yourself slow down.
You now have 17/17 hp.
Wield which item (- for none, * to show all)? (? for menu, Esc to quit)
h - a +0 club (weapon)
Wear which item? (? for menu, Esc to quit)
You start removing your armour.
You continue taking off your +0 robe. x4
You finish taking off your +0 robe.
You start putting on your armour.
You continue putting on your glowing leather armour. x5
You finish putting on your +0 leather armour of fire resistance.
You feel resistant to fire.
You regained 2 mp, and now have 3/9 mp.
Drop what? 10/52 slots (_ for help) (? for menu, Esc to quit)
You drop a +0 robe.
You start resting.
You feel yourself speed up.
You start resting.
You feel less exhausted.
You start resting.
MP restored: 9 You open the door.
An ogre comes into view. It is wielding a giant club.
The ogre shouts!
Aim: an ogre, wielding a giant club The flame tongue hits the ogre.
You now have 8/9 mp.
Aim: an ogre, wielding a giant club (moderately wounded)
The flame tongue hits the ogre.
You now have 7/9 mp.
Aim: an ogre, wielding a giant club (moderately wounded)
The flame tongue hits the ogre.
The ogre appears unharmed.
The ogre hits you with a giant club!!
Ouch! That really hurt!
You die...

##########
#<.#@O'..#
#..[..#..+
#..#### #
#..# #..#
#..# #⌠⌠#
####


You could see an ogre.

Vanquished Creatures
  Ijyb (D)
1 creature vanquished.

Notes
Turn   | Place    | Note
-------+----------+-------------------------------------------
     0 | D        | esc the Deep Elf Fire Elementalist began the quest for the Orb.
     0 | D        | Reached XP level 1. HP: 10/10 MP: 6/6
     1 | D        | Noticed Ijyb
    12 | D        | Killed Ijyb
    12 | D        | Reached skill level 1 in Fighting
    12 | D        | Reached skill level 3 in Dodging
    12 | D        | Reached skill level 4 in Spellcasting
    12 | D        | Reached skill level 2 in Conjurations
    12 | D        | Reached skill level 4 in Fire Magic
    12 | D        | Reached XP level 2. HP: 17/17 MP: 0/9
    82 | D        | Noticed an ogre
    85 | D        | Slain by an ogre

Vault maps used:
D:        dungeon_sprint_1

Skill      XL: |  1 |
---------------+----+-----
Fighting       | 1 |  1.8
Dodging        | 3 |  3.8
Spellcasting   | 4 |  4.4
Conjurations   | 2 |  2.9
Fire Magic     | 4 |  4.2
Stealth        | |  2.4

Action                   || total
-------------------------++-------
Melee: Unarmed           ||     4
 Cast: Flame Tongue      ||     9
  Use: Potion            ||     1
Armor: Robe              ||     1
Dodge: Dodged            ||     5

Vault maps used:
D:        dungeon_sprint_1

Table legend:
 A = Turns spent in this place as a percentage of turns spent in the entire game.
 B = Non-inter-level travel turns spent in this place as a percentage of non-inter-level travel turns spent in the entire game.
 C = Inter-level travel turns spent in this place as a percentage of turns spent in this place.
 D = Turns resting spent in this place as a percentage of non-inter-level travel turns spent in this place.
 E = Turns spent auto-exploring this place as a percentage of non-inter-level travel turns spent in this place.
 F = Non-inter-level travel turns spent in this place divided by the number of levels of this place that you've seen.
                   A       B       C       D       E      F
               +-------+-------+-------+-------+-------+----------------------
         Total | 100.0 | 100.0 |   0.0 |  19.4 |   0.0 |  31.0
       Dungeon | 100.0 | 100.0 |   0.0 |  19.4 |   0.0 |  31.0
               +-------+-------+-------+-------+-------+----------------------

Table legend:
 A = Kills in this place as a percentage of kills in entire the game.
 B = Kills by you in this place as a percentage of kills by you in the entire game.
 C = Kills by friends in this place as a percentage of kills by friends in the entire game.
 D = Other kills in this place as a percentage of other kills in the entire game.
 E = Experience gained in this place as a percentage of experience gained in the entire game.
 F = Experience gained in this place divided by the number of levels of this place that you have seen.
                   A       B       C       D       E      F
               +-------+-------+-------+-------+-------+----------------------
         Total | 100.0 | 100.0 |  -nan |  -nan | 100.0 |  36.0
       Dungeon | 100.0 | 100.0 |  -nan |  -nan | 100.0 |  36.0
               +-------+-------+-------+-------+-------+----------------------
